 Dungeon Crawl Stone Soup version 0.29.1-1-gd02db6906a (webtiles) character file.

Game seed: 10189935444238670412

36 FollowTheCloud the Magician (level 3, 0/26 HPs)
             Began as a Human Hedge Wizard on Oct 19, 2022.
             Slain by Sigmund
             ... wielding a +0 scythe
              (4 damage)
             ... on level 2 of the Dungeon.
             The game lasted 00:06:38 (1773 turns).

FollowTheCloud the Magician (Human Hedge Wizard)    Turns: 1773, Time: 00:06:38

Health: 0/26       AC:  3    Str: 10    XL:     3   Next: 57%
Magic:  5/7        EV: 12    Int: 16    God:
Gold:   98         SH:  0    Dex: 12    Spells: 3/8 levels left

rFire   . . .      SeeInvis .   a - +0 dagger
rCold   . . .      Faith    .   (no shield)
rNeg    . . .      Spirit   .   b - +0 robe
rPois   .          Reflect  .   c - +0 hat
rElec   .          Harm     .   g - +0 cloak
rCorr   .          Rampage  .   (no gloves)
Will    .....                   (no boots)
Stlth   ++........              (no amulet)
HPRegen 0.08/turn               l - ring of flight
MPRegen 0.10/turn               (no ring)

@: flying
A: no striking features
a: no special abilities


You were on level 2 of the Dungeon.
You visited 1 branch of the dungeon, and saw 2 of its levels.

You collected 98 gold pieces.

Inventory:

Hand Weapons
 a - a +0 dagger (weapon)
Missiles
 f - an atropa-tipped dart (quivered)
 j - 5 boomerangs
Armour
 b - a +0 robe (worn)
 c - a +0 hat (worn)
 g - a +0 cloak (worn)
Jewellery
 l - a ring of flight (left hand)
 p - an amulet of magic regeneration
Scrolls
 e - a scroll of fear {unknown}
 i - a scroll of vulnerability {unknown}
 k - a scroll of poison {unknown}
Potions
 d - a potion of magic
 h - 2 potions of mutation {unknown}
 m - 2 potions of haste {unknown}
 n - a potion of brilliance {unknown}
 o - a potion of curing {unknown}
 q - a potion of attraction {unknown}


   Skills:
 - Level 1.2 Fighting
 - Level 2.0 Dodging
 - Level 2.0 Stealth
 + Level 3.3 Spellcasting
 + Level 2.0 Conjurations
 - Level 1.0 Summonings
 + Level 1.3 Translocations


You had 3 spell levels left.
You knew the following spells:

 Your Spells              Type           Power      Damage    Failure   Level
a - Magic Dart            Conj           36%        1d4       8%          1
b - Blink                 Tloc           12%        N/A       16%         2
c - Call Imp              Summ           5%         N/A       19%         2

Your spell library contained the following spells:

 Spells                   Type           Power      Damage    Failure   Level
 Slow                     Hex            8%         N/A       19%         1
 Conjure Flame            Conj/Fire      5%         6-21      34%         3
 Mephitic Cloud           Conj/Pois/Air  4%         N/A       38%         3


Dungeon Overview and Level Annotations

Branches:
Dungeon (2/15)

Altars:

Annotations:
D:2 Sigmund


Message History

You are very lightly contaminated with residual magic.
Nothing appears to happen.
Unknown command.
Your magical contamination has completely faded away.
You see here an adder skeleton.
You see here a +0 spear.
Sigmund shouts!
Found a scroll labelled SUERPH TULACHYWK.
Sigmund screams, "Don't try to resist!"
Sigmund giggles. "Time to reap what you sow."
Sigmund gestures wildly while chanting.
Sigmund flickers and vanishes!
Deactivating autopickup; reactivate with Ctrl-A.
Found a scroll labelled NACYTT UCUABB.
Found a scroll labelled NACYTT UCUABB.
You hear some strange, mumbled words.
You are confused.
You bump into the rock wall.
You bump into the rock wall.
Something hits you.
You bump into the rock wall.
You bump into the rock wall.
Something hits you!
You feel less confused. Something hits you.
Casting: Call Imp (safe; 19% risk of failure)
Confirm with . or Enter, or press ? or * to list all spells.
You blink.
Found a robe.
Unknown command.
You feel stable enough to blink again.
You are confused.
You bump into the rock wall.
You're too confused to cast spells.
You bump into the rock wall.
Something hits you!
* * * LOW HITPOINT WARNING * * *
Something hits you.
* * * LOW HITPOINT WARNING * * *
You bump into the rock wall.
You feel less confused. Something hits you.
You die...

##.......# . ..
#######.# #.#..#
#.####.#.#
#.##.#..[
#ยง##...#
#.##...# #....#.#
#?##.#.#####.#
..?##....@....#
..###############
##


There were no monsters in sight!

Vanquished Creatures
  An adder (D:2)
  A ball python (D:1)
  6 bats (D:1)
  An endoplasm (D:1)
  2 giant cockroaches (D:1)
  2 goblins (D:1)
  3 hobgoblins
  A quokka (D:2)
  4 frilled lizards
  3 kobolds (D:1)
  A rat (D:1)
25 creatures vanquished.

Vanquished Creatures (others)
  A fungus (D:2)
1 creature vanquished.

Grand Total: 26 creatures vanquished

Notes
Turn   | Place    | Note
-------+----------+-------------------------------------------
     0 | D:1      | FollowTheCloud the Human Hedge Wizard began the quest for
                  | the Orb.
     0 | D:1      | Reached XP level 1. HP: 13/13 MP: 4/4
   213 | D:1      | Reached XP level 2. HP: 20/20 MP: 4/6
   336 | D:1      | Learned a level 2 spell: Blink
   525 | D:1      | Reached skill level 1 in Fighting
   974 | D:1      | Reached XP level 3. HP: 23/26 MP: 2/7
  1391 | D:2      | Noticed Sigmund
  1501 | D:2      | Learned a level 2 spell: Call Imp
  1773 | D:2      | Slain by Sigmund

Illustrated notes

Levels and vault maps discovered:
D:1:      elethiomel_arrival_infinity_welcomes_careful_drivers,
          layout_loops_cross
D:2:      layout_basic, dreamdust_mushroom_princess, uniq_jessica, uniq_sigmund

Skill      XL: |  1  2  3 |
---------------+----------+-----
Fighting       | 1 |  1.2
Conjurations   | 2 |  2.0
Dodging        | |  2.0
Stealth        | |  2.0
Spellcasting   | |  3.3
Summonings     | |  1.0
Translocations | |  1.3

Action                   || total
-------------------------++-------
Melee: Dagger            ||    17
Throw: Dart              ||     3
 Cast: Magic Dart        ||    68
       Blink             ||     4
Armor: Robe              ||     7
Dodge: Dodged            ||    44
